 Dungeon Crawl Stone Soup version 0.18.1-48-g4cf74bf (webtiles) character file.

828 PossumBlood the Thaumaturge (level 7, -6/36 HPs)
             Began as a Deep Elf Wizard on Aug 17, 2016.
             Shot with an arrow by a centaur (8 damage)
             ... on level 5 of the Dungeon.
             The game lasted 00:14:53 (4945 turns).

PossumBlood the Thaumaturge (Deep Elf Wizard)       Turns: 4945, Time: 00:14:53

Health: -6/36      AC:  4    Str:  4    XL:     7   Next: 64%
Magic:  9/21       EV: 13    Int: 25    God:
Gold:   198        SH:  0    Dex: 19    Spells: 5 memorised, 14 levels left

rFire  . . .     SeeInvis .     t - staff of conjuration
rCold  . . .     Gourm    .     a - +0 robe
rNeg   . . .     Faith    .     (no shield)
rPois  .         Spirit   .     b - +0 hat
rElec  .         Dismiss  .     (no cloak)
rCorr  .         Reflect  .     l - +0 pair of gloves
SustAt .         Harm     +     q - +0 pair of boots
MR     .....                    w - amulet of harm
Stlth  +++.......               u - ring of stealth
                                k - +6 ring of dexterity

@: not resistant to hostile enchantments, fairly stealthy
A: no striking features
a: no special abilities


You were on level 5 of the Dungeon.
You were not hungry.

You visited 1 branch of the dungeon, and saw 5 of its levels.

You collected 198 gold pieces.

Inventory:

Hand Weapons
 e - a +0 dagger
Armour
 a - a +0 robe (worn)
 b - a +0 hat (worn)
 l - a +0 pair of gloves (worn)
 q - a +0 pair of boots (worn)
Magical Staves
 t - an uncursed staff of conjuration (weapon)
Jewellery
 k - a +6 ring of dexterity (left hand)
 r - an uncursed ring of ice
 u - a ring of stealth (right hand)
 w - an amulet of harm (around neck)
Scrolls
 d - a scroll of enchant weapon
 s - a scroll of remove curse
Potions
 h - a potion of heal wounds {unknown}
 i - a potion of flight {unknown}
 j - a potion of might {unknown}
 n - 2 potions of invisibility {unknown}
 o - a potion of haste {unknown}
 p - a potion of magic {unknown}
Books
 c - a book of Minor Magic

   Spells                             Type                      Level
   a - Magic Dart                     Conjuration                  1
   b - Blink                          Translocation                2
   c - Call Imp                       Summoning                    2
   d - Repel Missiles                 Charms/Air                   2
   e - Slow                           Hexes                        2
   f - Conjure Flame                  Conjuration/Fire             3
   g - Mephitic Cloud                 Conjuration/Poison/Air       3
Miscellaneous
 m - a plain deck of escape
Comestibles
 f - 4 meat rations
 g - 3 beef jerkies
 v - a bread ration


   Skills:
 - Level 2.4 Dodging
 - Level 2.4 Stealth
 + Level 9.2 Spellcasting
 + Level 6.6 Conjurations
   Level 1.1 Summonings
 - Level 1.1 Translocations


You had 14 spell levels left.
You knew the following spells:

 Your Spells              Type           Power        Failure   Level  Hunger
a - Magic Dart            Conj           ####         1%          1    None
b - Blink                 Tloc           N/A          8%          2    None
c - Repel Missiles        Chrm/Air       ##....       10%         2    None
d - Slow                  Hex            ##......     10%         2    None
e - Conjure Flame         Conj/Fire      #####...     4%          3    None


Dungeon Overview and Level Annotations

Branches:
Dungeon (5/15)
 Temple: D:4-7

Altars:
Kikubaaqudgha
Nemelex Xobeh


Message History

The phantom blinks!
Casting: Magic Dart
Confirm with . or Enter, or press ? or * to list all spells.
Aiming: Magic Dart
Press: ? - help, Shift-Dir - straight line, f/p - phantom
Aim: a phantom (heavily damaged)
You feel a surge of power!
The magic dart hits the phantom.
The phantom is heavily damaged.
The centaur shoots an arrow.
The arrow is repelled.
You feel less protected from missiles.
Drink which item? (? for menu, Esc to quit)
Okay, then.
Read which item? (? for menu, Esc to quit)
Okay, then.
Casting: Magic Dart
Confirm with . or Enter, or press ? or * to list all spells.
You blink.
The centaur shoots an arrow.
The arrow hits you.
* * * LOW HITPOINT WARNING * * *
The centaur shoots an arrow.
The arrow hits you!
You die...

######
......#######
............##
.............#
......!W.c...#
....((.......#
...(.........#
...........@.#
....>.....#.##
......###.#.#
...... .#.#
...... .#.#
#.# #.# ..#


You could see a phantom and a centaur.

Vanquished Creatures
  The ghost of PossumBlood the Magician, an amateur DEWz (D:4)
  An ice beast (D:5)
  A scorpion (D:4)
  2 vampire bats (D:3)
  2 crimson imps (D:5)
  A howler monkey (D:4)
  2 orc priests (D:4)
  3 orc wizards
  4 worker ants
  6 adders
  An ooze (D:3)
  2 worms
  A dart slug (D:1)
  19 orcs
  4 bat skeletons (D:3)
  2 bat zombies (D:3)
  6 giant cockroaches
  6 goblins
  5 hobgoblins
  5 quokkas
  2 ball pythons (D:2)
  9 bats
  A giant cockroach zombie (D:5)
  4 giant newts
  6 kobolds
  6 rats
102 creatures vanquished.

Notes
Turn   | Place    | Note
--------------------------------------------------------------
     0 | D:1      | PossumBlood the Deep Elf Wizard began the quest for the Orb.
     0 | D:1      | Reached XP level 1. HP: 10/10 MP: 7/7
   250 | D:1      | Reached XP level 2. HP: 15/15 MP: 1/9
   367 | D:1      | Learned a level 2 spell: Blink
   370 | D:1      | Learned a level 2 spell: Repel Missiles
   373 | D:1      | Learned a level 2 spell: Slow
   617 | D:1      | Reached skill level 5 in Spellcasting
   848 | D:2      | Reached XP level 3. HP: 19/19 MP: 1/11
  1595 | D:3      | Reached XP level 4. HP: 24/24 MP: 8/13
  1993 | D:3      | Reached skill level 6 in Spellcasting
  2076 | D:3      | Found an ancient bone altar of Kikubaaqudgha.
  2083 | D:3      | Reached XP level 5. HP: 23/28 MP: 4/15
  2807 | D:4      | Reached skill level 7 in Spellcasting
  2809 | D:4      | Reached XP level 6. HP: 22/32 MP: 3/18
  2942 | D:4      | Learned a level 3 spell: Conjure Flame
  3065 | D:4      | Reached skill level 5 in Conjurations
  3409 | D:4      | Noticed PossumBlood's ghost (amateur DEWz)
  3452 | D:4      | Killed PossumBlood's ghost
  3452 | D:4      | Reached skill level 8 in Spellcasting
  3452 | D:4      | Reached XP level 7. HP: 6/36 MP: 0/20
  4187 | D:4      | Found a sparkling altar of Nemelex Xobeh.
  4466 | D:5      | Entered Level 5 of the Dungeon
  4772 | D:5      | Reached skill level 9 in Spellcasting
  4945 | D:5      | Shot with an arrow by a centaur

Skill      XL: |  1  2  3  4  5  6  7 |
---------------+----------------------+-----
Spellcasting   | 5 6 7 8 9 |  9.2
Conjurations   | 2 3 4 5 6 |  6.6
Dodging        | |  2.4
Stealth        | |  2.4
Summonings     | |  1.1
Translocations | |  1.1

Action                   |  1- 3 |  4- 6 |  7- 9 || total
-------------------------+-------+-------+-------++-------
Melee: Unarmed           |     3 |       |       ||     3
 Cast: Magic Dart        |    87 |   139 |    97 ||   323
       Repel Missiles    |     1 |     1 |       ||     2
       Conjure Flame     |       |     1 |       ||     1
       Blink             |       |       |     1 ||     1
  Use: Scroll            |     3 |     2 |     3 ||     8
  Eat: Bread ration      |     1 |     1 |     1 ||     3
Armor: Robe              |     4 |    15 |    15 ||    34
Dodge: Dodged            |     8 |    30 |    31 ||    69
       Deflected         |     1 |       |     8 ||     9
